Map: Frozen Temple

Players

naslamenas

  • Race: Terran Terran
  • League: Gold

capac - Winner!

  • Race: Terran Terran
  • League: Gold

VOD

Have the link to the VOD?

Description

Time

  • Played on: May 8, 2016, 9:54 a.m.
  • Length: 18:14
Show
View Real Time Build Order
Export as new Build Order

naslamenas Terran 

Build Orders: Hellion Banshee, MMM Bio 

Get SALT Encoding   

  12  0:01  SCV  
  13  0:13  SCV  
  14  0:19  Supply Depot  
  14  0:25  SCV  
  15  0:41  SCV  
  16  0:43  Barracks  
  16  0:48  Refinery  
  16  0:53  SCV  
  17  1:05  SCV  
  18  1:17  SCV  
  19  1:29  SCV  
  19  1:32  Reaper  
  21  1:37  Command Center  
  21  1:45  Orbital Command  
  21  2:08  Factory  
  21  2:09  Marine  
  21  2:11  SCV  
  23  2:27  Supply Depot, SCV  
  23  2:32  Barracks Reactor  
  23  2:46  Supply Depot  
  23  2:48  SCV, Orbital Command  
  24  2:56  Refinery  
  24  2:58  Factory Tech Lab  
  24  3:05  Starport  
  24  3:06  SCV  
  25  3:22  SCV  
  25  3:23  SCV  
  27  3:27  Hellion  
  27  3:28  Hellion  
  27  3:29  Barracks Tech Lab  
  31  3:34  SCV  
  33  3:41  SCV  
  33  3:48  Barracks  
  33  3:49  Hellion x2  
  33  3:53  SCV  
  33  3:55  SCV  
  39  3:56  Barracks Tech Lab  
  39  3:59  Banshee  
  42  4:03  Cloaking Field  
  42  4:05  SCV  
  42  4:07  SCV  
  42  4:08  Refinery  
  44  4:18  Marine  
  44  4:20  Hellion x2  
  44  4:22  SCV x2  
  51  4:38  SCV  
  52  4:39  SCV  
  53  4:48  Barracks  
  53  4:49  Barracks x2  
  53  4:54  SCV  
  54  5:00  Supply Depot, Barracks Reactor  
  54  5:02  Supply Depot  
  54  5:03  Supply Depot  
  54  5:05  Supply Depot  
  54  5:06  Supply Depot  
  54  5:21  SCV  
  54  5:22  Hellion x2  
  44  5:52  Marine  
  44  5:55  Stimpack  
  44  5:56  Barracks Reactor x3  
  45  6:03  SCV  
  45  6:04  SCV  
  47  6:08  Bunker  
  47  6:10  Marine, Siege Tank  
  51  6:15  SCV  
  51  6:16  SCV  
  51  6:18  Medivac x2  
  57  6:20  Marine x2  
  57  6:24  Barracks  
  59  6:27  Marine, SCV  
  59  6:28  SCV  
  62  6:34  Refinery  
  62  6:39  SCV  
  63  6:40  Liberator, SCV  
  64  6:48  Marine x3  
  64  6:49  Marauder, Marine x3  
  64  6:50  Marine x2  
  64  6:51  SCV  
  64  6:52  Siege Tank, Command Center  
  78  6:59  SCV  
  82  7:06  Marine  
  83  7:10  Marauder  
  83  7:14  SCV x2  
  87  7:16  Marine x5  
  87  7:17  Marine x2  
  94  7:28  Factory  
  94  7:31  Engineering Bay  
  94  7:32  Supply Depot x2, Engineering Bay  
  94  7:35  Supply Depot  
  94  7:43  Supply Depot  
  94  7:47  Supply Depot  
  94  7:53  Marine, Siege Tank, SCV x2  
  94  7:54  Marauder, Marine x3  
  105  8:05  SCV, Combat Shields  
  105  8:08  Marine x2  
  105  8:09  Medivac  
  110  8:14  SCV  
  110  8:15  Marauder  
  110  8:16  SCV  
  110  8:17  SCV  
  115  8:25  Siege Tank  
  115  8:26  SCV  
  119  8:28  SCV  
  119  8:31  Supply Depot  
  120  8:35  SCV  
  120  8:36  Marauder  
  123  8:43  Marine x3  
  123  8:44  Marine x3, Factory Tech Lab  
  123  8:47  Medivac  
  131  8:49  SCV  
  131  8:51  SCV  
  131  8:53  Orbital Command  
  133  8:58  Marauder  
  133  9:01  Medivac  
  138  9:02  SCV  
  138  9:03  SCV  
  138  9:06  Refinery  
  138  9:07  Marine x2  
  138  9:08  Marine x2  
  138  9:09  Marine x3  
  146  9:14  Supply Depot  
  146  9:16  Supply Depot  
  147  9:17  SCV, Medivac  
  147  9:19  Marauder  
  147  9:22  SCV x2  
  147  9:23  Refinery  
  153  9:32  Marine x2  
  153  9:33  Marine x2  
  153  9:35  Marine  
  158  9:40  Marauder  
  158  9:41  Supply Depot  
  160  9:46  Supply Depot, SCV x2  
  160  9:47  Marine x3, Command Center  
  160  9:51  Siege Tank  
  168  9:56  Terran Infantry Weapons Level 1, Terran Infantry Armor Level 1, Liberator  
  168  10:02  Marauder  
  170  10:08  Marine x3  
  170  10:09  Marine x4  
  170  10:10  Marine  
  181  10:16  SCV  
  182  10:23  Marauder  
  184  10:28  Supply Depot  
  184  10:30  Supply Depot, Armory  
  184  10:33  Armory  
  184  10:43  SCV  
  184  10:48  Marine  
  184  10:49  Marine x4  
  189  10:50  Marauder, Marine  
  189  10:54  Supply Depot  
  189  10:55  Marine x2  
  189  10:57  Marine  
  196  11:11  Marauder, Marine x2  
  200  11:18  Barracks  
  200  11:19  Orbital Command  
  200  11:21  Barracks  
  200  11:24  Missile Turret, Command Center  
  200  11:27  Terran Vehicle Weapons Level 1, Terran Vehicle And Ship Armor Level 1  
  107  12:05  Marine  
  107  12:06  Marine x6  
  107  12:07  Marine x3  
  101  12:23  Marine x2  
  101  12:24  Marine x4  
  98  12:30  Marine x3  
  98  12:31  Marine  
  98  12:33  Marine  
  95  12:39  Marine  
  95  12:41  Marine x3  
  95  12:42  Marine x3  
  98  12:44  Siege Tank  
  98  12:45  Siege Tank  
  98  12:46  Medivac x2  
  98  12:48  Marine x3  
  98  12:49  Marauder, SCV  
  98  12:51  Marine  
  114  12:53  Orbital Command  
  114  12:57  Marine  
  116  12:59  Marine x2  
  116  13:04  Marine x2  
  116  13:05  Marine  
  121  13:07  Orbital Command  
  121  13:10  Marauder, SCV  
  124  13:15  Marine x3  
  124  13:16  Medivac x2  
  124  13:17  Marine, Siege Tank x2  
  138  13:26  Refinery  
  138  13:28  Refinery, Marine  
  138  13:29  Marine x3  
  138  13:30  Missile Turret  
  138  13:31  SCV  
  138  13:32  Marauder  
  145  13:38  Terran Infantry Weapons Level 2  
  145  13:40  Terran Infantry Armor Level 2  
  145  13:49  Siege Tank, SCV x2  
  145  13:53  Marauder  
  145  13:55  Marine x2  
  152  13:56  Marine x7  
  152  13:57  Marine x2  
  163  14:13  Marine  
  163  14:14  Marauder  
  163  14:16  Marine  
  163  14:17  Marine x6  
  167  14:18  Marine x3  
  176  14:26  Siege Tank  
  176  14:28  Siege Tank  
  176  14:31  Marine, Medivac  
  182  14:32  Medivac  
  182  14:34  Marine, SCV  
  182  14:35  SCV  
  182  14:36  SCV  
  191  14:58  Siege Tank  
  194  15:01  Marine x2, Medivac x2  
  194  15:05  Orbital Command  
  162  15:30  Refinery  
  162  15:31  Refinery  
  162  15:34  Liberator  
  162  15:35  Liberator  
  162  15:37  Marine x5  
  162  15:38  Marine x2  
  166  15:49  Marine x2  
  167  15:50  Marine x3  
  167  15:55  Marine  
  178  16:07  Marine x3  
  178  16:08  Marauder, Marine x4  
  178  16:09  Marine x3  
  190  16:12  Marine  
  190  16:15  SCV x2  
  193  16:25  Marine x3  
  194  16:26  Marine x4  
  200  16:53  Command Center  
  200  17:02  Command Center  
Show
View Real Time Build Order
Export as new Build Order

capac Terran - Winner!

Build Orders: Reaper Expand, MMM Bio 

Get SALT Encoding   

  12  0:01  SCV  
  13  0:13  SCV  
  14  0:18  Supply Depot  
  14  0:25  SCV  
  15  0:40  Barracks, SCV  
  16  0:49  Refinery  
  16  0:52  SCV  
  18  1:04  SCV  
  18  1:16  SCV  
  19  1:29  Orbital Command  
  19  1:32  Reaper  
  20  1:41  Command Center  
  20  1:55  SCV  
  20  1:58  Supply Depot  
  21  2:04  Marine  
  21  2:07  SCV  
  23  2:19  SCV  
  24  2:35  Bunker  
  24  2:43  Barracks Reactor  
  24  2:44  Factory  
  24  2:45  Barracks  
  24  2:54  Orbital Command  
  24  2:58  SCV  
  25  3:05  Refinery  
  25  3:07  Engineering Bay  
  25  3:10  SCV  
  26  3:19  Marine x2  
  27  3:24  SCV x2  
  30  3:30  Factory Tech Lab  
  30  3:32  Starport  
  30  3:34  Barracks Tech Lab  
  30  3:38  SCV x2  
  30  3:39  Marine x2  
  34  3:50  SCV  
  34  3:51  SCV  
  34  3:54  Marine  
  37  3:57  Siege Tank  
  37  4:00  Marine x2  
  42  4:03  SCV x2  
  44  4:14  Missile Turret  
  44  4:16  Missile Turret  
  44  4:17  Marine  
  44  4:22  Barracks  
  45  4:28  SCV, Command Center  
  46  4:42  Marine x2  
  46  4:43  Siege Tank, SCV, Medivac  
  54  4:46  Supply Depot  
  54  4:52  Stimpack  
  54  4:56  Refinery  
  54  4:58  Refinery  
  54  5:08  Marine, SCV x2  
  54  5:11  Barracks  
  54  5:13  Supply Depot  
  57  5:15  Starport Reactor  
  57  5:20  SCV x2  
  59  5:27  Terran Infantry Weapons Level 1  
  59  5:30  Marine x3  
  59  5:35  SCV x2  
  62  5:54  Marine x2, SCV x2  
  62  5:55  Marine  
  67  5:57  Medivac x2  
  67  6:00  Barracks Reactor  
  71  6:04  Orbital Command  
  71  6:22  Marine x2, SCV x2  
  71  6:23  Marine  
  76  6:34  Barracks  
  76  6:35  Barracks  
  76  6:36  Orbital Command  
  76  6:39  SCV  
  78  6:40  Marine x3, SCV  
  81  6:47  Marine x2  
  81  6:50  Medivac  
  85  6:59  Combat Shields  
  85  7:03  Armory  
  85  7:08  Engineering Bay  
  85  7:25  Terran Infantry Armor Level 1  
  85  7:26  Supply Depot  
  85  7:30  Barracks Reactor  
  85  7:31  Barracks Reactor  
  85  7:32  Supply Depot x2  
  85  7:41  Supply Depot  
  85  7:47  Marine x2  
  85  7:48  Marine, SCV x3, Medivac  
  93  7:53  Marine  
  93  7:55  Missile Turret  
  94  8:00  Terran Infantry Weapons Level 2, Missile Turret, SCV x3, Supply Depot  
  94  8:03  Supply Depot  
  97  8:10  Marine x5  
  97  8:11  Marine  
  103  8:13  Missile Turret, Medivac  
  103  8:18  Medivac  
  103  8:19  Siege Tank  
  110  8:28  SCV x2  
  110  8:29  Supply Depot  
  112  8:36  Missile Turret  
  112  8:37  Missile Turret  
  112  8:39  Marine x3  
  112  8:40  Marine  
  116  8:56  Factory  
  116  9:07  Missile Turret, SCV x3  
  116  9:08  Marine  
  116  9:09  Marine x8  
  128  9:11  Liberator x2  
  128  9:18  Starport  
  128  9:24  SCV x3  
  128  9:26  Marine  
  128  9:27  Refinery x2, Missile Turret  
  128  9:30  Siege Tank  
  141  9:41  Factory Tech Lab  
  141  9:42  Missile Turret  
  141  9:47  Barracks  
  141  9:53  Missile Turret  
  141  10:00  Starport Reactor  
  141  10:05  Starport  
  88  10:21  Liberator x2  
  141  10:34  Supply Depot  
  141  10:37  Supply Depot  
  141  10:39  Terran Infantry Weapons Level 3, Terran Infantry Armor Level 2, Siege Tank x2  
  141  10:41  Terran Ship Weapons Level 1  
  141  10:42  Liberator x2  
  154  10:50  SCV x3, Command Center  
  154  10:56  Starport Reactor  
  156  11:01  Marine  
  163  11:04  Marine  
  163  11:05  Marine x5  
  169  11:13  Barracks Tech Lab  
  169  11:19  SCV x3  
  169  11:24  Liberator  
  169  11:25  Liberator  
  172  11:26  Supply Depot, Liberator  
  171  11:41  Liberator x2  
  131  11:59  Marine x4  
  131  12:00  Marine x5  
  126  12:17  Marine x5  
  126  12:18  Marine  
  126  12:19  Marine x3  
  120  12:31  Siege Tank  
  120  12:35  Marine x5  
  120  12:36  Marine  
  126  12:37  Marine x2  
  128  12:46  Marine  
  129  12:52  Marine  
  129  12:53  Marine x3  
  133  13:02  SCV x3  
  136  13:14  Siege Tank  
  139  13:21  Marine x2  
  141  13:28  Planetary Fortress  
  141  13:30  Terran Infantry Armor Level 3  
  141  13:39  Liberator x3  
  141  13:49  Marine x9  
  150  14:02  Siege Tank x2  
  165  14:06  Marine  
  165  14:07  Marine x7  
  173  14:19  Marine  
  174  14:24  Marine  
  174  14:25  Marine x7  
  174  14:26  Supply Depot  
  182  14:31  SCV  
  182  14:37  Marine  
  184  14:41  Siege Tank x2  
  184  14:42  Marine  
  184  14:44  Missile Turret  
  191  15:05  Concussive Shells  
  191  15:09  Building Armor  
  191  15:13  Siege Tank x2  
  196  15:17  Liberator x4  
  196  15:18  Liberator  
  144  15:35  Marine x2  
  152  15:36  Marine x7  
  160  15:53  Marine x5  
  160  15:54  Marine x2  
  167  16:05  Liberator x3  
  167  16:14  Command Center  
  176  16:38  Marine x8  
Tags
 
Add a new tag
Caveats
  • Supply blocks, unpowered buildings, or Contaminate may cause inaccurate times.
  • Supply counts are checked every 10 seconds.